 Dungeon Crawl Stone Soup version 0.25-b1-23-ge2ad7d536c (webtiles) character file.

Game seed: 15944553757650220990, levelgen mode: deterministic

1796 lepoulpe303 the Bolt Thrower (level 9, -1/51 HPs)
             Began as a Kobold Arcane Marksman on May 28, 2020.
             Was a Follower of Okawaru.
             Slain by a killer bee (8 damage)
             ... on level 4 of the Dungeon.
             The game lasted 00:31:25 (8044 turns).

lepoulpe303 the Bolt Thrower (KoAM)                 Turns: 8044, Time: 00:31:26

Health: -1/51      AC:  8    Str: 19    XL:     9   Next: 30%
Magic:  12/14      EV: 17    Int: 23    God:    Okawaru [*.....]
Gold:   141        SH:  5    Dex: 15    Spells: 6/15 levels left

rFire    + + .     SeeInvis .   a - +0 short sword
rCold    . . .     Gourm    .   (shield restricted)
rNeg     . . .     Faith    .   d - +2 leather armour of Waxeup Fomn {rF+ Str+7}
rPois    .         Spirit   .   (no helmet)
rElec    .         Reflect  +   A - +2 cloak {MR+} {MR+}
rCorr    .         Harm     .   (no gloves)
MR       ++...                  (no boots)
Stlth    +.........             j - amulet of reflection
HPRegen  0.17/turn              C - +6 ring of intelligence
MPRegen  0.14/turn              B - ring "Dyuzy" {rF+ MR+ Str+4}

@: lethally poisoned (-1 -> -20)
A: small, carnivore
a: Heroism, Renounce Religion


You were on level 4 of the Dungeon.
You worshipped Okawaru.
Okawaru was aware of your devotion.
You were very full.

You visited 2 branches of the dungeon, and saw 7 of its levels.

You collected 391 gold pieces.
You spent 250 gold pieces at shops.

Inventory:

Hand Weapons
 a - a +0 short sword (weapon)
 b - a +0 hand crossbow
Missiles
 Q - 93 bolts
Armour
 d - the +2 leather armour of Waxeup Fomn (worn) {rF+ Str+7}
   (You found it on level 4 of the Dungeon)

   It affects your strength (+7).
   It protects you from fire.
 h - a cursed +0 robe
 k - a +0 robe
 y - a +0 leather armour
 A - a +2 cloak of magic resistance (worn) {MR+}
Jewellery
 j - an amulet of reflection (around neck)
 B - the ring "Dyuzy" (right hand) {rF+ MR+ Str+4}
   (You bought it in a shop on level 4 of the Dungeon)

   [ring of protection from fire]

   It affects your strength (+4).
   It protects you from fire.
   It affects your resistance to hostile enchantments.
 C - a +6 ring of intelligence (left hand)
 I - an uncursed ring of protection from cold
Wands
 t - a wand of disintegration (6)
Scrolls
 c - a scroll of magic mapping {unknown}
 f - 3 scrolls of fog
 i - 5 scrolls of identify
 o - 4 scrolls of enchant armour {unknown}
 p - a scroll of enchant weapon {unknown}
 r - 2 scrolls of immolation {unknown}
 w - 3 scrolls of remove curse
 z - a scroll of blinking {unknown}
 D - a scroll of fear {unknown}
Potions
 g - 2 potions of flight {unknown}
 l - 2 potions of heal wounds
 m - a potion of haste {unknown}
 n - a potion of mutation {unknown}
 q - a potion of curing
 s - 2 potions of brilliance {unknown}
 u - a potion of resistance {unknown}
 v - a potion of ambrosia {unknown}
 x - 3 potions of stabbing {unknown}
 E - a potion of invisibility {unknown}
 H - 2 potions of lignification {unknown}
Comestibles
 e - 12 rations


   Skills:
 - Level 3.2 Fighting
 + Level 4.4 Short Blades
 * Level 6.7 Crossbows
 + Level 2.9 Armour
 + Level 4.9 Dodging
 + Level 3.6 Spellcasting
 * Level 6.1 Hexes
 * Level 3.1 Invocations


You had 6 spell levels left.
You knew the following spells:

 Your Spells              Type           Power        Failure   Level  Hunger
a - Inner Flame           Hex/Fire       ###.....     11%         3    ###....
b - Portal Projectile     Hex/Tloc       ###...       11%         3    ###....
s - Slow                  Hex            ####....     1%          2    #......
v - Corona                Hex            ####...      1%          1    None

Your spell library contained the following spells:

 Spells                   Type           Power        Failure   Level  Hunger
 Cause Fear               Hex            ####......   10%         4    ####...
 Leda's Liquefaction      Hex/Erth       ###.......   34%         4    ####...


Dungeon Overview and Level Annotations

Branches:
Dungeon (6/15)             Temple (1/1) D:4

Altars:
Ashenzari
Cheibriados
Elyvilon
Fedhas
Kikubaaqudgha
Makhleb
Nemelex Xobeh
Okawaru
Ru
Trog
Uskayaw
Vehumet
Wu Jian
Xom
Zin
The Shining One

Shops:
D:4 *   D:5 [


Innate Abilities, Weirdness & Mutations

You are small and have problems with some larger weapons.
You are carnivorous and can eat meat at any time.


Message History

Okay, then.
Okay, then.
Okay, then.
Okay, then.
Aim: a killer bee (chance to defeat MR: 78%)
The killer bee seems to slow down.
* * * LOW HITPOINT WARNING * * *
You feel sick. The killer bee stings you.
* * * LOW HITPOINT WARNING * * *
The killer bee misses you.
You take 5 damage, and have 13/51 hp.
You now have 12/14 mp.
* * * LOW HITPOINT WARNING * * *
You feel sick.
You take 2 damage, and have 11/51 hp.
* * * LOW HITPOINT WARNING * * *
You feel sick.
You take 2 damage, and have 9/51 hp.
* * * LOW HITPOINT WARNING * * *
You feel sick. The killer bee stings you!
You die...

##################
.............[[..#
#######...######># #.....#
#.# ##...## #S# #### ##.##
#y# ...# #.# #@# ##.# #.#
###.##### #.# ##+##
#.......# #.# ##...##
#.#.###.#
#.###.....###.#.###.#
##.##.......##.#.#>#.###
##.#[........#.#.......#
...+.........'.......#.####
...#.........#.##.........#


You could see a water moccasin and a killer bee (slow).

Levels and vault maps discovered:
D:1:      evilmike_arrival_fibonacci_small, layout_basic
D:2:      layout_basic, first_ration, uniq_crazy_yiuf_cottage
D:3:      layout_basic, uniq_terence
D:4:      layout_loops_corners, minmay_temple_entry_glass, serial_shops, shop,
          uniq_natasha, uniq_pikel
D:5:      layout_gridville, serial_shops, shop
D:6:      layout_rooms, led_sif_book, serial_shops, shop_coins
Temple:   compressed_dpeg_circular_temple

Notes
Turn   | Place    | Note
-------+----------+-------------------------------------------
     0 | D:1      | lepoulpe303 the Kobold Arcane Marksman began the quest for
                  | the Orb.
     0 | D:1      | Reached XP level 1. HP: 12/12 MP: 2/2
    32 | D:1      | Identified a +0 spear
    34 | D:1      | Reached XP level 2. HP: 16/16 MP: 3/3
    38 | D:1      | Learned a level 2 spell: Slow
    40 | D:1      | Identified a +0 whip
   167 | D:1      | Identified a +0 dagger
   425 | D:1      | Identified a +1 cloak (You found it on level 1 of the
                  | Dungeon)
   619 | D:1      | Identified a +0 club
   627 | D:1      | Reached XP level 3. HP: 20/20 MP: 4/4
   658 | D:1      | Reached skill level 3 in Crossbows
   801 | D:1      | Identified a +0 club
  1201 | D:1      | Identified a +0 halberd
  1203 | D:1      | Identified a +0 hand crossbow
  1211 | D:1      | Reached XP level 4. HP: 15/25 MP: 3/6
  1382 | D:2      | Identified a +0 short sword
  1457 | D:2      | Identified 2 scrolls of identify
  1457 | D:2      | Identified an amulet of reflection (You found it on level 1
                  | of the Dungeon)
  1459 | D:2      | Identified a ring of protection from cold (You found it on
                  | level 1 of the Dungeon)
  1466 | D:2      | Identified a +0 club
  1495 | D:2      | Identified a +0 short sword
  1673 | D:2      | Identified a cursed -1 club
  1673 | D:2      | Identified a +0 spear
  1673 | D:2      | Identified a cursed -2 spear
  1730 | D:1      | Reached skill level 1 in Short Blades
  2079 | D:2      | HP: 4/26 [gnoll/+0 spear (6)]
  2080 | D:2      | Reached skill level 3 in Dodging
  2080 | D:2      | Reached XP level 5. HP: 4/30 MP: 5/7
  2085 | D:2      | Learned a level 3 spell: Inner Flame
  2489 | D:2      | Identified a +0 club
  2523 | D:2      | Identified a +0 club
  2557 | D:2      | Reached skill level 2 in Fighting
  2557 | D:2      | Reached skill level 1 in Armour
  2624 | D:2      | Found a runed translucent door.
  2625 | D:2      | Identified a +3 quarterstaff of chaos
  2625 | D:2      | Identified a +2 cloak of magic resistance
  2625 | D:2      | Noticed Crazy Yiuf
  2630 | D:2      | Identified 3 scrolls of remove curse
  2631 | D:2      | Identified 3 scrolls of fog
  2649 | D:3      | Identified a +0 falchion
  2649 | D:3      | Identified a +0 scale mail
  2649 | D:3      | Noticed Terence
  2697 | D:3      | Killed Terence
  2879 | D:3      | Identified a +0 club
  2998 | D:3      | Identified a +0 dagger
  2998 | D:3      | Identified a +0 ring mail
  3108 | D:3      | Reached skill level 4 in Hexes
  3129 | D:3      | Identified a +0 whip
  3131 | D:3      | Identified a +0 flail
  3197 | D:3      | HP: 3/30 [gnoll (8)]
  3484 | D:2      | Reached XP level 6. HP: 35/35 MP: 8/8
  4039 | D:3      | Reached skill level 4 in Crossbows
  4039 | D:3      | Reached skill level 2 in Spellcasting
  4180 | D:3      | Identified a cursed +0 leather armour (You found it on
                  | level 3 of the Dungeon)
  4191 | D:3      | Identified a +0 robe
  4293 | D:2      | Killed Crazy Yiuf
  4411 | D:4      | Identified a +0 trident
  4411 | D:4      | Identified a +0 leather armour
  4414 | D:4      | Identified a +0 dagger
  4414 | D:4      | Identified a +0 chain mail
  4416 | D:4      | Identified a cursed -1 mace
  4431 | D:4      | Reached skill level 2 in Short Blades
  4450 | D:4      | Noticed a slave
  4462 | D:4      | Identified a +0 giant club
  4462 | D:4      | Noticed an ogre
  4467 | D:4      | Killed an ogre
  4507 | D:4      | Reached XP level 7. HP: 26/40 MP: 0/10
  4652 | D:4      | Found a staircase to the Ecumenical Temple.
  4756 | D:4      | Identified a +0 whip of freezing
  4756 | D:4      | Identified a cursed -2 robe
  4756 | D:4      | Noticed Pikel
  4798 | D:4      | Identified a +0 club
  4813 | D:4      | Killed Pikel
  4813 | D:4      | Reached skill level 3 in Fighting
  4813 | D:4      | Reached skill level 3 in Short Blades
  4813 | D:4      | Reached skill level 5 in Crossbows
  4813 | D:4      | Reached skill level 2 in Armour
  4813 | D:4      | Reached skill level 4 in Dodging
  4813 | D:4      | Reached skill level 5 in Hexes
  4813 | D:4      | Reached XP level 8. HP: 20/46 MP: 1/12
  5073 | Temple   | Entered the Ecumenical Temple
  5137 | Temple   | Became a worshipper of Warmaster Okawaru
  5168 | D:4      | Got a spiked leather armour
  5179 | D:4      | Identified the +2 leather armour of Waxeup Fomn {rF+ Str+7}
                  | (You found it on level 4 of the Dungeon)
  5201 | D:4      | Found Net Zed's Assorted Antiques.
  5209 | D:4      | Bought a flickering granite ring for 125 gold pieces
  5209 | D:4      | Bought an opal ring for 125 gold pieces
  5209 | D:4      | Identified an amulet of inaccuracy (You found it on level 3
                  | of the Dungeon)
  5211 | D:4      | Identified 2 potions of degeneration
  5213 | D:4      | Identified the ring "Dyuzy" {rF+ MR+ Str+4} (You bought it
                  | in a shop on level 4 of the Dungeon)
  5310 | D:4      | Identified a +0 dagger
  5310 | D:4      | Identified a +0 robe
  5310 | D:4      | Identified a +0 dagger
  5310 | D:4      | Identified a +0 robe
  5310 | D:4      | Identified a +0 dagger
  5310 | D:4      | Identified a +0 robe
  5310 | D:4      | Identified a +0 dagger
  5310 | D:4      | Identified a +0 leather armour
  5333 | D:4      | Reached skill level 3 in Spellcasting
  5543 | D:4      | Reached skill level 1 in Invocations
  5728 | D:4      | Noticed Natasha
  6123 | D:4      | Killed Natasha
  6160 | D:4      | Noticed Natasha
  6170 | D:4      | Killed Natasha
  6232 | D:5      | Entered Level 5 of the Dungeon
  6289 | D:5      | Learned a level 3 spell: Portal Projectile
  6340 | D:5      | Identified a +0 giant club
  6402 | D:5      | Reached skill level 6 in Crossbows
  6605 | D:5      | Identified a +0 giant spiked club
  6648 | D:5      | Reached skill level 2 in Invocations
  6681 | D:5      | Reached skill level 4 in Short Blades
  6800 | D:5      | Identified a +0 morningstar
  6800 | D:5      | Identified a +0 leather armour
  6800 | D:5      | Identified a +0 short sword
  6802 | D:5      | Identified a +0 falchion
  6809 | D:5      | Identified a +0 dagger
  6809 | D:5      | Identified a +0 ring mail
  6856 | D:5      | Identified a cursed +0 leather armour
  6857 | D:5      | Reached XP level 9. HP: 51/51 MP: 13/13
  6859 | D:5      | Identified a +0 dagger
  6859 | D:5      | Identified a +0 robe
  6878 | D:5      | Identified a cursed -3 short sword
  6878 | D:5      | Identified a +0 ring mail
  7099 | D:5      | Found Ofanedun's Antique Armour Shoppe.
  7214 | D:5      | Identified a +0 trident
  7222 | D:5      | Identified a ring of strength (You found it on level 5 of
                  | the Dungeon)
  7293 | D:6      | Identified a +0 giant spiked club
  7293 | D:6      | Identified a +0 flail
  7293 | D:6      | Identified a +0 flail
  7293 | D:6      | Identified a +0 leather armour
  7350 | D:5      | Reached * piety under Okawaru
  7552 | D:5      | Reached skill level 6 in Hexes
  7823 | D:5      | HP: 11/51 [poisoned by a killer bee]
  7826 | D:5      | Reached skill level 3 in Invocations
  8036 | D:4      | HP: 12/51 [poisoned by a water moccasin]
  8038 | D:4      | Identified 3 potions of heal wounds
  8042 | D:4      | HP: 11/51 [poisoned by a killer bee]
  8044 | D:4      | Slain by a killer bee

Table legend:
 A = Turns spent in this place as a percentage of turns spent in the entire game.
 B = Non-inter-level travel turns spent in this place as a percentage of non-inter-level travel turns spent in the entire game.
 C = Inter-level travel turns spent in this place as a percentage of turns spent in this place.
 D = Turns resting spent in this place as a percentage of non-inter-level travel turns spent in this place.
 E = Turns spent auto-exploring this place as a percentage of non-inter-level travel turns spent in this place.
 F = Non-inter-level travel turns spent in this place divided by the number of levels of this place that you've seen.
                   A       B       C       D       E      F
               +-------+-------+-------+-------+-------+----------------------
         Total | 100.0 | 100.0 |   6.0 |  32.2 |  44.6 | 1080.4
       Dungeon |  98.9 |  99.1 |   5.8 |  32.5 |  44.3 | 1249.5
        Temple |   1.1 |   0.9 |  22.4 |   0.0 |  84.8 |  66.0
               +-------+-------+-------+-------+-------+----------------------

Table legend:
 A = Kills in this place as a percentage of kills in entire the game.
 B = Kills by you in this place as a percentage of kills by you in the entire game.
 C = Kills by friends in this place as a percentage of kills by friends in the entire game.
 D = Other kills in this place as a percentage of other kills in the entire game.
 E = Experience gained in this place as a percentage of experience gained in the entire game.
 F = Experience gained in this place divided by the number of levels of this place that you have seen.
                   A       B       C       D       E      F
               +-------+-------+-------+-------+-------+----------------------
         Total | 100.0 | 100.0 |   N/A |   N/A | 100.0 | 366.6
       Dungeon | 100.0 | 100.0 |   N/A |   N/A | 100.0 | 427.7
               +-------+-------+-------+-------+-------+----------------------

Skill      XL: |  1  2  3  4  5  6  7  8  9 |
---------------+----------------------------+-----
Crossbows      | 3 4 5 6 |  6.7
Short Blades   | 1 2 3 4 |  4.4
Dodging        | 3 4 |  4.9
Fighting       | 2 3 |  3.2
Armour         | 1 2 |  2.9
Hexes          | 4 5 6 |  6.1
Spellcasting   | 2 3 |  3.6
Invocations    | 2 3 |  3.1

Action                   |  1- 3 |  4- 6 |  7- 9 || total
-------------------------+-------+-------+-------++-------
Melee: Spear             |    29 |       |       ||    29
       Dagger            |    94 |     1 |       ||    95
       Short sword       |       |   136 |    52 ||   188
       Hand crossbow     |       |       |     1 ||     1
 Fire: Hand crossbow     |     5 |   110 |   203 ||   318
 Cast: Corona            |     6 |     9 |    19 ||    34
       Slow              |     1 |    22 |    20 ||    43
Evoke: Wand              |       |       |    11 ||    11
  Use: Scroll            |       |     5 |     3 ||     8
       Potion            |       |       |     2 ||     2
 Stab: Distracted        |     1 |       |       ||     1
       Sleeping          |     1 |     2 |       ||     3
  Eat: Chunk             |    10 |    12 |    11 ||    33
Armor: Robe              |    30 |    26 |     3 ||    59
       Leather armour    |       |       |    38 ||    38
Dodge: Dodged            |   108 |   132 |   155 ||   395
Block: Other             |       |    45 |    51 ||    96
       Reflection        |       |     2 |     1 ||     3

Vanquished Creatures
  Pikel (D:4)
  3 slaves (D:4)
  4 ogres
  3 scorpions
  4 killer bees
  A howler monkey (D:2)
  A crimson imp (D:5)
  A quasit (D:6)
  Crazy Yiuf (D:2)
  3 orc priests
  4 orc wizards
  Terence (D:3)
  Natasha (twice) (D:4)
  2 worker ants
  A hound skeleton (D:4)
  A howler monkey zombie (D:5)
  9 gnolls
  7 adders
  A shadow imp (D:4)
  2 oozes
  An adder skeleton (D:6)
  2 worms
  A dart slug (D:1)
  4 leopard geckos
  13 orcs
  A ball python (D:2)
  6 giant cockroaches
  6 goblins
  6 hobgoblins
  5 jackals
  6 bats
  7 frilled lizards
  9 kobolds
  5 rats
124 creatures vanquished.

Vanquished Creatures (others)
  An adder (D:4)
1 creature vanquished.

Grand Total: 125 creatures vanquished
